 Dungeon Crawl Stone Soup version 0.30.0-5-g1a98f26d00 (webtiles) character file.

Game seed: 13753772873678427057

2 H0rd4k the Charlatan (level 1, -2/15 HPs)
             Began as a Human Artificer on May 9, 2023.
             Slain by a kobold
             ... wielding a +0 dagger
              (3 damage)
             ... on level 1 of the Dungeon.
             The game lasted 00:00:13 (65 turns).

H0rd4k the Charlatan (Human Artificer)                Turns: 65, Time: 00:00:14

Health: -2/15      AC:  3    Str: 12    XL:     1   Next: 44%
Magic:  1/1        EV: 11    Int: 11    God:
Gold:   0          SH:  0    Dex: 13    Spells: 0/0 levels left

rFire   . . .        a - +0 club
rCold   . . .        (no shield)
rNeg    . . .        b - +0 leather armour
rPois   .            (no helmet)
rElec   .            (no cloak)
rCorr   .            (no gloves)
SInv    .            (no boots)
Will    .....        (no amulet)
Stlth   +            (no ring)
HPRegen 0.22/turn    (no ring)
MPRegen 0.07/turn

%: no passive effects
@: no status effects
A: no striking features
a: no special abilities


You were on level 1 of the Dungeon.
You visited 1 branch of the dungeon, and saw 1 of its levels.

Inventory:

Hand Weapons
 a - a +0 club (weapon)
Armour
 b - a +0 leather armour (worn)
Wands
 c - a wand of flame (15) (quivered)
 d - a wand of charming (15)
 e - a wand of iceblast (5)
Scrolls
 f - a scroll of teleportation {unknown}


   Skills:
 + Level 1.1 Fighting
 - Level 2.0 Armour
 + Level 1.0 Dodging
 + Level 1.0 Stealth
 + Level 3.1 Evocations


You couldn't memorise any spells.
You didn't know any spells.
Your spell library was empty.

Dungeon Overview and Level Annotations

Branches:
Dungeon (1/15)

Altars:


Message History

You hit the ball python.
The ball python is moderately wounded.
The ball python barely misses you. The ball python constricts you.
The ball python bites you but does no damage.
The ball python constricts you.
You closely miss the ball python.
The ball python is moderately wounded.
The ball python bites you. The ball python constricts you.
You barely miss the ball python.
The ball python bites you but does no damage.
The ball python constricts you. The ball python barely misses you.
The ball python constricts you.
You hit the ball python.
The ball python is moderately wounded.
The ball python barely misses you. The ball python constricts you.
You barely miss the ball python.
The ball python is moderately wounded.
The ball python barely misses you. The ball python constricts you.
The ball python barely misses you. The ball python constricts you.
You barely miss the ball python. The ball python bites you.
The ball python constricts you.
You hit the ball python.
You kill the ball python!
The kobold hits you with a +0 whip.
You hit the kobold.
You kill the kobold!
The kobold throws a stone.
The stone closely misses you. The kobold barely misses you.
Things that are here:
a +0 whip; 4 stones; a ball python corpse You closely miss the kobold.
The kobold hits you with a +0 dagger.
You closely miss the kobold.
The kobold hits you with a +0 dagger. x2
* * * LOW HITPOINT WARNING * * *
You closely miss the kobold. The kobold hits you with a +0 dagger.
* * * LOW HITPOINT WARNING * * *
You closely miss the kobold. The kobold hits you but does no damage.
You hit the kobold. Your punch misses the kobold.
The kobold is moderately wounded.
The kobold hits you but does no damage. The kobold hits you with a +0 dagger.
You die...

# ###.####
#......######## ##
#..K@....# #. #.######.#
##. ## ##.# ####.#
###..###.###.S###....###
.........##......KK....##
..(.....##...............
...........#####......g..
###.....#### ####......
..###'### ##....


You could see a kobold.

Vanquished Creatures
  2 ball pythons (D:1)
  A frilled lizard (D:1)
  A kobold (D:1)
4 creatures vanquished.

Notes
Turn   | Place    | Note
-------+----------+-------------------------------------------
     0 | D:1      | H0rd4k the Human Artificer began the quest for the Orb.
     0 | D:1      | Reached XP level 1. HP: 15/15 MP: 1/1
    65 | D:1      | Slain by a kobold

Illustrated notes

Levels and vault maps discovered:
D:1:      elethiomel_arrival_infinity_welcomes_careful_drivers, layout_basic

Action                     || total
---------------------------++-------
  Melee: Club              ||    20
 Armour: Leather armour    ||     5
  Dodge: Dodged            ||    12
